 Dungeon Crawl Stone Soup version 0.20.1-1-g8b1a95d (webtiles) character file.

4062 gobwax the Carver (level 10, -9/72 HPs)
             Began as a Formicid Fighter on Sept 8, 2017.
             Was a Believer of Okawaru.
             Killed from afar by Josephine (34 damage)
             ... with a ghostly fireball
             ... on level 10 of the Dungeon.
             The game lasted 00:15:35 (7135 turns).

gobwax the Carver (Formicid Fighter)                Turns: 7135, Time: 00:15:36

Health: -9/72      AC: 12    Str: 30      XL:     10   Next: 49%
Magic:  8/10       EV:  9    Int:  7      God:    Okawaru [**....]
Gold:   328        SH: 11    Dex:  7 (8)  Spells: 9/9 levels left

rFire    + . .     SeeInvis +   E - +2 falchion (holy)
rCold    x . .     Gourm    .   c - +0 shield
rNeg     . . .     Faith    .   y - +0 plate armour
rPois    .         Spirit   .   (helmet unavailable)
rElec    .         Reflect  .   (no cloak)
rCorr    .         Harm     +   B - +0 pair of gloves
MR       +....                  (no boots)
Stlth    ..........             t - amulet of harm
Regen    0.3/turn               o - ring of fire
MPRegen  0.2/turn               j - ring of wizardry

@: mighty, heroism, drained
A: permanent stasis, dig shafts and tunnels, four strong arms, antennae 3,
hooves 1, rugged brown scales 1, yellow scales 1, clumsy 1, deformed body,
deterioration 1
a: Dig, Shaft Self, Heroism, Renounce Religion


You were on level 10 of the Dungeon.
You worshipped Okawaru.
Okawaru was pleased with you.
You were very hungry.

You visited 1 branch of the dungeon, and saw 9 of its levels.
You also visited: Ossuary.

You collected 363 gold pieces.
You spent 35 gold pieces at shops.

Inventory:

Hand Weapons
 a - a +0 long sword
 E - a +2 falchion of holy wrath (weapon)
Armour
 b - a +0 scale mail
 c - a +0 shield (worn)
 k - a +0 pair of gloves
 p - a +0 chain mail
 y - a +0 plate armour (worn)
 B - a +0 pair of gloves (worn)
Jewellery
 d - an uncursed ring of stealth
 j - a ring of wizardry (right hand)
 m - a -5 ring of intelligence
 o - a ring of fire (left hand)
 q - an uncursed amulet of rage
 t - an amulet of harm (around neck)
 v - a +3 amulet of reflection
 z - an uncursed ring of see invisible
Wands
 h - a wand of flame (24/48)
 r - a wand of paralysis (9/24)
 C - a wand of polymorph (12/24)
 D - a wand of acid (10/15)
Scrolls
 e - 13 scrolls of identify
 i - 4 scrolls of teleportation
 n - 2 scrolls of fear
 x - 3 scrolls of remove curse
 A - 3 scrolls of enchant armour {unknown}
 F - a scroll of fog
 K - a scroll of recharging
Potions
 g - a potion of degeneration
 s - a potion of berserk rage
 w - a potion of invisibility
 H - a potion of lignification {unknown}
 I - 2 potions of cancellation
 M - a potion of curing
 N - a potion of flight {unknown}
 O - a potion of ambrosia
Books
 G - a book of Misfortune

   Spells                             Type                      Level
   a - Confusing Touch                Hexes                        1
   b - Confuse                        Hexes                        3
   c - Gell's Gravitas                Translocation                3
   d - Petrify                        Transmutation/Earth          4
   e - Metabolic Englaciation         Hexes/Ice                    5
   f - Yara's Violent Unravelling     Hexes/Transmutation          5
Comestibles
 f - 4 bread rations
 l - 2 meat rations
 u - 24 fruits


   Skills:
 - Level 3.2(7.6) Fighting
 * Level 14.0(18.1) Long Blades
 - Level 3.2(7.6) Armour
 - Level 3.6(7.9) Shields
 + Level 0.5(0.0) Invocations


You had 9 spell levels left.
You didn't know any spells.

Dungeon Overview and Level Annotations

Branches:
Dungeon (8/15)             Temple (0/1) D:7            Lair (0/6) D:8

Altars:
Cheibriados
Dithmenos
Fedhas
Gozag
Okawaru
Ru
Sif Muna
Vehumet
The Shining One

Shops:
D:4 ?

Annotations:
D:10 Josephine


Innate Abilities, Weirdness & Mutations

You cannot be hasted, slowed, berserked, paralysed or teleported.
You can dig through walls and to a lower floor.
Your four strong arms can wield two-handed weapons with a shield.
You have a pair of large antennae on your head. (SInv)
You have large cloven feet.
You are partially covered in rugged brown scales. (AC +1, +3% HP)
You are partially covered in yellow scales. (AC +2)
You are clumsy. (Dex -2)
Armour fits poorly on your strangely shaped body.
Your body sometimes deteriorates upon taking damage.


Message History

Okawaru accepts your kill. The wraith barely misses you.
You slash the wraith!
The wraith convulses.
You kick the wraith, but do no damage.
The wraith is severely damaged.
You block the wraith's attack.
You slash the wraith!
You destroy the wraith!
Okawaru accepts your kill.
Your base Long Blades skill increases to level 14!
You slash Josephine!
Josephine is lightly wounded.
You slash Josephine! You kick Josephine!!
Josephine is severely wounded.
Josephine hits you with a dagger.
You barely miss Josephine. You kick Josephine!
Josephine is almost dead.
Josephine casts a spell at you.
The ghostly flame explodes!
The ghostly fireball engulfs you!
You feel drained.
You die...

#......#
#.....$#
#......######
#............
###..........
#WW........
#W##+######
#@# #@# #.#
#.....#
#.....#
#......
#......
#.......
........
..........


You could see Josephine and 3 wraiths.

Vanquished Creatures
  The ghost of Thomus the Cleaver, a novice MiBe of Trog (Ossuary)
  Grinder (D:3)
  A hornet (D:8)
  A hippogriff (D:8)
  2 wraiths (D:10)
  Duvessa (D:5)
  An ice beast (D:3)
  An eye of draining (D:6)
  A sky beast (D:5)
  An ogre (D:8)
  4 centaurs
  Dowan (D:5)
  A wyvern skeleton (D:6)
  12 scorpions
  5 wights (D:7)
  4 crimson imps (D:6)
  3 centaur zombies
  A bullfrog zombie (D:4)
  A bullfrog skeleton (D:6)
  2 centaur skeletons
  5 orc wizards
  2 human zombies (Ossuary)
  2 orc priests (D:6)
  4 hounds
  An iguana (D:7)
  5 worker ants
  A big kobold zombie (Ossuary)
  4 mummies
  3 gnolls (D:4)
  7 adders
  A howler monkey skeleton (D:5)
  A scorpion zombie (Ossuary)
  2 adder skeletons
  3 worms
  8 dart slugs
  A leopard gecko (D:1)
  29 orcs
  5 giant cockroaches
  2 gnoll zombies (Ossuary)
  9 goblins
  14 hobgoblins
  16 jackals
  2 kobolds
  3 quokkas
  4 ball pythons
  4 bats
  3 frilled lizards
  A goblin zombie (Ossuary)
  5 hobgoblin zombies (Ossuary)
  A jackal zombie (D:6)
  A kobold zombie (Ossuary)
  3 orc zombies (Ossuary)
  A quokka skeleton (D:5)
  2 rats
200 creatures vanquished.

Vanquished Creatures (others)
  An orc priest (D:6)
  An orc wizard (D:6)
2 creatures vanquished.

Grand Total: 202 creatures vanquished

Notes
Turn   | Place    | Note
-------+----------+-------------------------------------------
     0 | D:1      | gobwax the Formicid Fighter began the quest for the Orb.
     0 | D:1      | Reached XP level 1. HP: 18/18 MP: 1/1
   132 | D:1      | Reached XP level 2. HP: 16/24 MP: 2/2
   186 | D:1      | Reached skill level 3 in Long Blades
   394 | D:1      | Reached XP level 3. HP: 29/29 MP: 3/3
   909 | D:2      | Reached skill level 4 in Long Blades
   909 | D:2      | Reached XP level 4. HP: 35/35 MP: 4/4
  1393 | D:3      | Reached XP level 5. HP: 39/41 MP: 5/5
  1467 | D:3      | Reached skill level 5 in Long Blades
  1538 | D:3      | Noticed Grinder
  1549 | D:3      | You fall through a shaft for 2 floors!
  1549 | D:5      | Entered Level 5 of the Dungeon
  1824 | D:5      | Reached skill level 6 in Long Blades
  1824 | D:5      | Reached XP level 6. HP: 37/47 MP: 6/6
  1828 | D:5      | Gained mutation: Your body sometimes deteriorates upon taking damage. [potion of mutation]
  1828 | D:5      | Gained mutation: You are partially covered in rugged brown scales. (AC +1, +3% HP) [potion of mutation]
  1828 | D:5      | Gained mutation: You are clumsy. (Dex -2) [potion of mutation]
  1828 | D:5      | Gained mutation: You have large cloven feet. [potion of mutation]
  2140 | D:4      | Lost intelligence.
  2372 | D:3      | Killed Grinder
  2372 | D:3      | Reached skill level 7 in Long Blades
  2372 | D:3      | Reached XP level 7. HP: 14/53 MP: 7/7
  2746 | D:3      | Found a glowing golden altar of the Shining One.
  2794 | D:3      | Reached skill level 8 in Long Blades
  2795 | D:3      | Found an opulent altar of Gozag.
  3064 | D:4      | Found Muonuc's Magic Scroll Boutique.
  3070 | D:4      | Bought a scroll of magic mapping for 35 gold pieces
  3320 | D:4      | Reached XP level 8. HP: 58/59 MP: 8/8
  3839 | D:5      | Noticed Dowan
  3840 | D:5      | Noticed Duvessa
  3885 | D:5      | Killed Duvessa
  3885 | D:5      | Reached skill level 9 in Long Blades
  3889 | D:5      | Killed Dowan
  4409 | D:5      | Gained mutation: You are partially covered in yellow scales. (AC +2) [mutagenic meat]
  4410 | D:5      | Gained mutation: Armour fits poorly on your strangely shaped body. [mutagenic meat]
  4710 | D:6      | Found a radiant altar of Vehumet.
  4710 | D:6      | Found a sacrificial altar of Ru.
  4714 | D:6      | Found a snail-covered altar of Cheibriados.
  4735 | D:6      | Reached skill level 10 in Long Blades
  5085 | D:6      | Reached XP level 9. HP: 58/65 MP: 9/9
  5272 | D:6      | Found an iron altar of Okawaru.
  5295 | D:6      | Became a worshipper of Warmaster Okawaru
  5414 | D:6      | Reached skill level 11 in Long Blades
  5465 | D:6      | Found a shadowy altar of Dithmenos.
  5692 | D:6      | Found a deep blue altar of Sif Muna.
  5918 | D:7      | Found a blossoming altar of Fedhas.
  5918 | D:7      | Found a shadowy altar of Dithmenos.
  5953 | D:7      | Found a staircase to the Ecumenical Temple.
  5977 | D:7      | Reached * piety under Okawaru
  5983 | D:7      | HP: 1/65 [orc priest/divine providence (18)]
  5996 | D:8      | Reached skill level 12 in Long Blades
  6072 | D:8      | Found a sand-covered staircase.
  6084 | Ossuary  | Entered an ossuary
  6359 | Ossuary  | Noticed Thomus's ghost (novice MiBe)
  6369 | Ossuary  | Killed Thomus's ghost
  6369 | Ossuary  | Reached XP level 10. HP: 54/72 MP: 10/10
  6397 | Ossuary  | Reached ** piety under Okawaru
  6530 | Ossuary  | Reached skill level 13 in Long Blades
  7076 | D:8      | HP: 3/72 [hippogriff (7)]
  7105 | D:8      | You fall through a shaft for 2 floors!
  7105 | D:10     | Entered Level 10 of the Dungeon
  7105 | D:10     | Noticed Josephine
  7132 | D:10     | Reached skill level 14 in Long Blades
  7135 | D:10     | Killed from afar by Josephine

Skill      XL: |  1  2  3  4  5  6  7  8  9 10 |
---------------+-------------------------------+-----
Long Blades    | 3 4 6 7 8 10 12 14 | 14.0
Fighting       | |  3.2
Armour         | |  3.2
Shields        | |  3.6
Invocations    | |  0.5

Action                   |  1- 3 |  4- 6 |  7- 9 | 10-12 || total
-------------------------+-------+-------+-------+-------++-------
Melee: Long sword        |    83 |   178 |   151 |       ||   412
       Kick              |       |    11 |    90 |    31 ||   132
       Falchion          |       |       |   211 |   125 ||   336
Throw: Tomahawk          |       |       |     2 |       ||     2
Invok: Heroism           |       |       |     1 |     3 ||     4
 Abil: Shaft Self        |       |     1 |       |     1 ||     2
  Use: Scroll            |       |     8 |     2 |       ||    10
       Potion            |       |     6 |    10 |     5 ||    21
 Stab: Invisible         |       |       |     2 |       ||     2
  Eat: Chunk             |       |     5 |    16 |       ||    21
       Fruit             |       |       |     2 |     3 ||     5
Armor: Scale mail        |    20 |       |       |       ||    20
       Chain mail        |     9 |    42 |       |       ||    51
       Plate armour      |       |    31 |   147 |    46 ||   224
Dodge: Dodged            |    11 |    25 |    52 |    16 ||   104
Block: Shield            |    37 |    71 |   169 |    49 ||   326
       Rpst.: Long sword |     2 |     9 |    10 |       ||    21
       Falchion          |       |       |    12 |     4 ||    16
